General information
- name: BNet
- type: Ladder team game (AT/RT)
- host: Battle.net
- saver: ItsOk2BGayNLazy
map: Mur'gulOasis
- players: 8
- length: 05:21
- speed: Fast
- version: 1.27 W3XP
- replay type: Public
» download(34 KB)
Players
team 1 (loser)

»
gtfour (
orange | 46 APM | 234 actions | 05:06)
1 Mountain King
1 Storm Bolt
» actions
| Assign group hotkey | 4 | |
| Basic commands | 19 | |
| Build / train | 17 | |
| Enter build submenu | 10 | |
| Enter hero's abilities submenu | 1 | |
| Right click | 48 | |
| Select / deselect | 93 | |
| Select group hotkey | 29 | |
| Use ability | 13 | |
234 total
» units
» upgrades
» buildings
| Altar of Kings | 1 | |
| Farm | 4 | |
| Barracks | 1 | |
| Scout Tower | 2 | |
| Lumber Mill | 1 | |
9 total
» build order
00:13 Altar of Kings
00:16 Farm
00:38 Barracks
01:07 Farm
01:57 Farm
03:32 Scout Tower
03:35 Lumber Mill
03:52 Scout Tower
04:32 Farm
HANNIBAL_6102 (
green | 49 APM | 248 actions | 05:02)
1 Paladin
1 Holy Light
» actions
| Assign group hotkey | 10 | |
| Basic commands | 9 | |
| Build / train | 20 | |
| ESC pressed | 2 | |
| Enter build submenu | 7 | |
| Enter hero's abilities submenu | 1 | |
| Right click | 56 | |
| Select / deselect | 65 | |
| Select group hotkey | 68 | |
| Use ability | 10 | |
248 total
» units
» buildings
| Altar of Kings | 1 | |
| Farm | 4 | |
| Barracks | 2 | |
7 total
» build order
00:22 Altar of Kings
00:41 Farm
00:51 Farm
00:57 Barracks
01:31 Farm
01:58 Barracks
02:08 Farm
ItsOk2BGayNLazy (
purple | 55 APM | 297 actions | 05:21)
» actions
| Basic commands | 76 | |
| Build / train | 15 | |
| Enter build submenu | 5 | |
| Right click | 51 | |
| Select / deselect | 115 | |
| Use ability | 35 | |
297 total
» units
» upgrades
» buildings
| Lumber Mill | 1 | |
| Scout Tower | 4 | |
| Guard Tower | 4 | |
9 total
» build order
00:58 Lumber Mill
01:14 Scout Tower
01:16 Scout Tower
01:24 Scout Tower
01:35 Scout Tower
01:56 Guard Tower
01:57 Guard Tower
02:12 Guard Tower
02:25 Guard Tower

»
xseror (
red | 61 APM | 314 actions | 05:06)
1 Tauren Chieftain
1 Endurance Aura
» actions
| Assign group hotkey | 4 | |
| Basic commands | 32 | |
| Build / train | 22 | |
| Enter build submenu | 9 | |
| Enter hero's abilities submenu | 2 | |
| Remove unit from queue | 1 | |
| Right click | 126 | |
| Select / deselect | 63 | |
| Select group hotkey | 43 | |
| Use ability | 12 | |
314 total
» units
| Peon | 11 | |
| Troll Headhunter/Berserker | 6 | |
17 total
» buildings
| Altar of Storms | 1 | |
| Orc Burrow | 3 | |
| Barracks | 1 | |
| War Mill | 1 | |
| Watch Tower | 3 | |
9 total
» build order
00:08 Altar of Storms
00:18 Orc Burrow
00:45 Barracks
01:37 War Mill
02:01 Orc Burrow
02:03 Orc Burrow
03:22 Watch Tower
03:26 Watch Tower
03:27 Watch Tower
team 2 (winner)
a6a (
pink | 71 APM | 382 actions | 05:21)
2 Archmage
1 Summon Water Elemental
1 Brilliance Aura
» actions
| Assign group hotkey | 6 | |
| Basic commands | 37 | |
| Build / train | 52 | |
| Enter build submenu | 13 | |
| Enter hero's abilities submenu | 2 | |
| Right click | 105 | |
| Select / deselect | 60 | |
| Select group hotkey | 85 | |
| Use ability | 22 | |
382 total
» units
» upgrades
» buildings
| Lumber Mill | 1 | |
| Altar of Kings | 1 | |
| Scout Tower | 3 | |
| Farm | 5 | |
| Arcane Tower | 9 | |
| Barracks | 1 | |
| Blacksmith | 1 | |
| Arcane Vault | 1 | |
| Guard Tower | 1 | |
| Keep | 1 | |
24 total
» build order
00:28 Lumber Mill
00:41 Altar of Kings
00:57 Scout Tower
01:12 Farm
01:25 Arcane Tower
01:26 Arcane Tower
01:26 Arcane Tower
01:26 Arcane Tower
01:55 Barracks
02:04 Farm
02:19 Blacksmith
02:25 Arcane Vault
02:34 Scout Tower
02:56 Farm
02:59 Scout Tower
03:09 Guard Tower
03:31 Arcane Tower
03:31 Arcane Tower
03:32 Arcane Tower
03:32 Arcane Tower
03:55 Farm
04:45 Farm
05:02 Keep
Tearer (
teal | 67 APM | 361 actions | 05:21)
2 Archmage
1 Summon Water Elemental
1 Brilliance Aura
» actions
| Assign group hotkey | 8 | |
| Basic commands | 11 | |
| Build / train | 46 | |
| Enter build submenu | 11 | |
| Enter hero's abilities submenu | 2 | |
| Right click | 159 | |
| Select / deselect | 53 | |
| Select group hotkey | 35 | |
| Use ability | 36 | |
361 total
» units
» upgrades
» buildings
| Barracks | 1 | |
| Altar of Kings | 1 | |
| Farm | 4 | |
| Scout Tower | 2 | |
| Arcane Vault | 1 | |
| Lumber Mill | 1 | |
| Arcane Tower | 4 | |
| Keep | 5 | |
| Blacksmith | 1 | |
| Guard Tower | 4 | |
24 total
» build order
00:18 Barracks
00:31 Altar of Kings
00:46 Farm
01:02 Farm
01:53 Farm
03:00 Scout Tower
03:14 Arcane Vault
03:27 Lumber Mill
03:30 Arcane Tower
03:30 Arcane Tower
03:30 Arcane Tower
03:57 Keep
03:57 Keep
03:57 Keep
04:04 Scout Tower
04:09 Farm
04:31 Blacksmith
04:35 Guard Tower
04:35 Guard Tower
04:36 Guard Tower

»
raed (
blue | 32 APM | 170 actions | 05:21)
2 Blademaster
1 Wind Walk
1 Critical Strike
» actions
| Assign group hotkey | 1 | |
| Basic commands | 5 | |
| Build / train | 19 | |
| Enter build submenu | 10 | |
| Enter hero's abilities submenu | 2 | |
| Remove unit from queue | 2 | |
| Right click | 56 | |
| Select / deselect | 62 | |
| Use ability | 13 | |
170 total
» units
» buildings
| Altar of Storms | 1 | |
| Orc Burrow | 3 | |
| Barracks | 1 | |
| Voodoo Lounge | 1 | |
| War Mill | 1 | |
| Stronghold | 1 | |
| Watch Tower | 2 | |
10 total
» build order
00:12 Altar of Storms
00:16 Orc Burrow
00:54 Barracks
01:20 Voodoo Lounge
01:51 Orc Burrow
02:31 War Mill
02:57 Orc Burrow
04:12 Stronghold
04:16 Watch Tower
04:20 Watch Tower
» items
daddyo (
yellow | 26 APM | 141 actions | 05:21)
2 Mountain King
1 Storm Bolt
1 Bash
» actions
| Build / train | 18 | |
| Enter build submenu | 7 | |
| Enter hero's abilities submenu | 2 | |
| Right click | 47 | |
| Select / deselect | 56 | |
| Use ability | 11 | |
141 total
» units
» upgrades
» buildings
| Altar of Kings | 1 | |
| Barracks | 1 | |
| Farm | 3 | |
| Blacksmith | 1 | |
| Keep | 1 | |
| Arcane Vault | 1 | |
8 total
» build order
00:13 Altar of Kings
00:20 Barracks
00:25 Farm
01:06 Farm
01:43 Farm
02:40 Blacksmith
03:47 Keep
04:11 Arcane Vault
Chat log
(00:31 / Allies) HANNIBAL_6102: lol
(00:32 / Allies) HANNIBAL_6102: tk
(00:33 / Allies) HANNIBAL_6102: ok
(01:01 / Allies) xseror: tk him
(01:08 / Allies) xseror: or he do that
(02:12 / Allies) HANNIBAL_6102: ok we lost
(02:23 / Allies) xseror: go
(02:38 / Allies) ItsOk2BGayNLazy: BACK THE FUCK OFF
(03:15 / Allies) xseror: tk
(03:39 / Allies) xseror: do expand asap
(03:55 / Allies) HANNIBAL_6102: if u dont come its finish
(04:58 / Allies) HANNIBAL_6102: what i say 3 rish lol
(05:09 / All) ItsOk2BGayNLazy: HAHAHA